 Dungeon Sprint DCSS version 0.22.1-1-ga44c0e56f4 (webtiles) character file.

243 MuseOD the Covert (level 5, -8/30 HPs)
             Began as a Spriggan Enchanter on Sept 28, 2018.
             Was an Initiate of Dithmenos.
             Mangled by a human
             ... wielding a +0 whip
              (12 damage)
             ... in the Dungeon (Sprint III: "The Ten Rune Challenge").
             The game lasted 00:03:40 (1649 turns).

MuseOD the Covert (Spriggan Enchanter)              Turns: 1649, Time: 00:03:40

Health: -8/30      AC:  3    Str:  4    XL:     5   Next: 82%
Magic:  3/14       EV: 18    Int: 17    God:    Dithmenos [......]
Gold:   41         SH:  0    Dex: 17    Spells: 7/16 levels left

rFire    . . .     SeeInvis +   a - +1 dagger
rCold    . . .     Gourm    .   (shield restricted)
rNeg     . . .     Faith    .   b - +0 robe
rPois    .         Spirit   .   (helmet restricted)
rElec    .         Reflect  .   k - +0 cloak
rCorr    .         Harm     .   (gloves unavailable)
MR       .....     NoTele   +   (boots unavailable)
Stlth    ++........             (no amulet)
HPRegen  0.10/turn              (no ring)
MPRegen  0.14/turn              (no ring)

@: very slightly contaminated, slow
A: very small, unfitting armour, see invisible, herbivore, speed 3, slow
metabolism 2
a: Renounce Religion


You were in the Dungeon.
You worshipped Dithmenos.
Dithmenos was noncommittal.
You were hungry.

You visited 1 branch You collected 41 gold pieces.

Inventory:

Hand Weapons
 a - a +1 dagger (weapon)
Armour
 b - a +0 robe (worn)
 k - a +0 cloak (worn)
Scrolls
 j - a scroll of blinking
 m - 2 scrolls of torment
 n - 5 scrolls of identify
Potions
 c - a potion of cancellation {unknown}
 e - a potion of curing
 f - a potion of heal wounds
 g - a potion of haste
 h - 2 potions of magic
 i - a potion of berserk rage
 l - 4 potions of mutation {unknown}
 o - 2 potions of flight {unknown}
Comestibles
 d - 4 rations


   Skills:
 + Level 4.4 Fighting
 * Level 8.7 Short Blades
 - Level 3.0 Dodging
 + Level 9.7 Stealth
 + Level 6.2 Spellcasting
 - Level 3.6 Hexes


You had 7 spell levels left.
You knew the following spells:

 Your Spells              Type           Power        Failure   Level  Hunger
a - Corona                Hex            ###....      2%          1    None
b - Ensorcelled Hibernat  Hex/Ice        ##....       9%          2    None
c - Confuse               Hex            ###.....     9%          3    ##.....
d - Dazzling Spray        Conj/Hex       ##....       19%         3    ##.....

Your spell library contained the following spells:

 Spells                   Type           Power        Failure   Level  Hunger
 Tukima's Dance           Hex            ###.....     9%          3    ##.....


Dungeon Overview and Level Annotations

Branches:
Dungeon (1/1)

Altars:
Dithmenos
Okawaru
Ru
Trog
Uskayaw
Wu Jian
Yredelemnul
Beogh


Innate Abilities, Weirdness & Mutations

You are very small and have problems with some larger weapons.
You are too small for most types of armour.
You have supernaturally acute eyesight. (SInv)
You are a herbivore.
You cover ground extremely quickly.
You need to consume almost no food.


Message History

Aim: a human, wielding a whip (berserk, fast, unusually strong)
The spray of energy hits the human.
The human is lightly wounded.
The human closely misses you. The human hits you with a whip.
* * * LOW HITPOINT WARNING * * *
Casting: Dazzling Spray (safe; 19% risk of failure)
Confirm with . or Enter, or press ? or * to list all spells.
You can't see any susceptible monsters within range! (Use Z to cast anyway.) Unknown command.
Casting: Dazzling Spray (safe; 19% risk of failure)
Confirm with . or Enter, or press ? or * to list all spells.
You don't have enough magic to cast that spell.
Unknown command.
The human rages.
You see here a necrophage skeleton.
There is an open door to the Ecumenical Temple here.
You enter the shallow water.
Moving in this stuff is going to be slow.
The human hits you with a whip!
You die...

▓▓▓▓▓▓▓▓▓▓▓▓ ▓▓▓
▓<.#..'....♣ ♣.# #####
▓..#..#....♣♣♣ ♣♣.# #___#
▓#'####...)..♣ ..# #__.#
▓.....#....≈.♣♣♣♣.###+#'###
▓.....#...≈p....♣.#........
▓....[#..≈@≈≈...p.'.⌠......
▓####'#..≈≈≈≈≈≈♣♣.#.÷.#####
▓.....#.≈≈≈≈≈≈....#.⌠.#
▓.....#.≈≈≈≈≈.....#...#
▓.....#.≈≈≈.......#+###
▓'#####...........#
▓.................#
▓▓▓▓▓▓▓▓▓▓▓▓▓▓▓▓▓▓▓


You could see 2 humans.

Vanquished Creatures
  A necrophage (D)
  A water elemental (D)
  Crazy Yiuf (D)
  Jessica (D)
  A necromancer (D)
  A human (D)
  2 rats (D)
8 creatures vanquished.

Vanquished Creatures (others)
  2 draconian scorchers (D)
  3 yaktaurs (D)
  6 hellions (D)
11 creatures vanquished.

Grand Total: 19 creatures vanquished

Notes
Turn   | Place    | Note
-------+----------+-------------------------------------------
     0 | D        | MuseOD the Spriggan Enchanter began the quest for the Orb.
     0 | D        | Reached XP level 1. HP: 9/9 MP: 5/5
    12 | D        | Noticed Jessica
    27 | D        | Killed Jessica
    27 | D        | Reached skill level 6 in Stealth
    27 | D        | Reached XP level 2. HP: 6/15 MP: 6/6
    65 | D        | Killed a hellion
    91 | D        | Killed a hellion
    91 | D        | Killed a hellion
   100 | D        | Killed a hellion
   106 | D        | Killed a yaktaur
   199 | D        | Learned a level 2 spell: Ensorcelled Hibernation
   215 | D        | Killed a white draconian scorcher
   222 | D        | Killed a hellion
   225 | D        | Killed a hellion
   226 | D        | Killed a white draconian scorcher
   413 | D        | Reached skill level 5 in Short Blades
   413 | D        | Reached XP level 3. HP: 19/19 MP: 2/8
   476 | D        | Noticed Crazy Yiuf
   515 | D        | Learned a level 3 spell: Confuse
   772 | D        | Killed Crazy Yiuf
   772 | D        | Reached skill level 7 in Stealth
   772 | D        | Reached XP level 4. HP: 23/23 MP: 5/10
   848 | D        | Killed a yaktaur
   930 | D        | Learned a level 3 spell: Dazzling Spray
   930 | D        | Noticed a water elemental
  1130 | D        | Killed a water elemental
  1130 | D        | Reached skill level 8 in Stealth
  1327 | D        | Found a basalt altar of Yredelemnul.
  1327 | D        | Found a shadowy altar of Dithmenos.
  1327 | D        | Found a sacrificial altar of Ru.
  1327 | D        | Noticed a necrophage
  1338 | D        | Reached skill level 5 in Spellcasting
  1338 | D        | Reached XP level 5. HP: 13/29 MP: 2/13
  1411 | D        | Killed a necrophage
  1411 | D        | Reached skill level 9 in Stealth
  1481 | D        | Became a worshipper of Dithmenos the Shadowed
  1500 | D        | Killed a yaktaur
  1631 | D        | Found a hide-covered altar of Uskayaw.
  1631 | D        | Found an iron altar of Okawaru.
  1632 | D        | Found a roughly hewn altar of Beogh.
  1632 | D        | Found a bloodstained altar of Trog.
  1632 | D        | Found an ornate altar of the Wu Jian Council.
  1632 | D        | Noticed a human
  1632 | D        | Noticed a human
  1649 | D        | Mangled by a human

Skill      XL: |  1  2  3  4  5 |
---------------+----------------+-----
Short Blades   | 4 5 7 8 |  8.7
Fighting       | 2 3 4 |  4.4
Stealth        | 6 7 8 9 |  9.7
Spellcasting   | 3 5 6 |  6.2
Dodging        | |  3.0
Hexes          | |  3.6

Action                   |  1- 3 |  4- 6 || total
-------------------------+-------+-------++-------
Melee: Dagger            |    13 |    12 ||    25
 Cast: Ensorcelled Hiber |     7 |       ||     7
       Confuse           |     1 |     1 ||     2
       Dazzling Spray    |       |    14 ||    14
  Use: Scroll            |       |     2 ||     2
 Stab: Sleeping          |     3 |       ||     3
       Confused          |     1 |     1 ||     2
       Invisible         |       |     1 ||     1
Armor: Robe              |       |     1 ||     1
Dodge: Dodged            |     7 |    10 ||    17
